 Dungeon Crawl Stone Soup version 0.29.1-12-g30fa7ad0bf (webtiles) character file.

Game seed: 3537863963691111275

1533 wormed the Cudgeller (level 8, -8/51 HPs)
             Began as a Gargoyle Fighter on Dec 20, 2022.
             Was an Elder of Elyvilon.
             Mangled by an ogre
             ... wielding a +0 giant spiked club
              (23 damage)
             ... on level 6 of the Dungeon.
             The game lasted 00:12:12 (6634 turns).

wormed the Cudgeller (Gargoyle Fighter)             Turns: 6634, Time: 00:12:12

Health: -8/51      AC: 20    Str: 22    XL:     8   Next: 85%
Magic:  8/8        EV:  6    Int:  9    God:    Elyvilon [****..]
Gold:   413        SH:  9    Dex:  9    Spells: 7/7 levels left

rFire   . . .      SeeInvis .   b - +0 whip (venom)
rCold   . . .      Faith    .   x - +0 kite shield
rNeg    + . .      Spirit   .   k - +0 chain mail
rPois   ∞          Reflect  .   l - +0 helmet
rElec   +          Harm     .   (no cloak)
rCorr   .          Rampage  .   (no gloves)
Will    +....                   v - +2 pair of boots of Whack-A-Mole {Will+}
Stlth   ..........              (no amulet)
HPRegen 0.17/turn               (no ring)
MPRegen 0.11/turn               (no ring)

@: no status effects
A: sickness immunity, AC +5, negative energy resistance 1, electricity
resistance, torment resistance 1, petrification resistance
a: Renounce Religion, Purification, Heal Other, Heal Self


You were on level 6 of the Dungeon.
You worshipped Elyvilon.
Elyvilon was greatly pleased with you.
You visited 1 branch of the dungeon, and saw 6 of its levels.

You collected 413 gold pieces.

Inventory:

Hand Weapons
 b - a +0 whip of venom (weapon)
Missiles
 w - a throwing net (quivered)
Armour
 k - a +0 chain mail (worn)
 l - a +0 helmet (worn)
 v - the +2 pair of boots of Whack-A-Mole (worn) {Will+}
   (You found it on level 5 of the Dungeon)

   Will:      It increases your willpower.
 x - a +0 kite shield (worn)
Jewellery
 i - a ring of wizardry
Wands
 t - a wand of flame (12)
Scrolls
 c - a scroll of enchant weapon {unknown}
 h - a scroll of brand weapon
 j - a scroll of poison
 q - a scroll of magic mapping {unknown}
 r - 2 scrolls of teleportation
 u - a scroll of enchant armour {unknown}
Potions
 a - a potion of resistance
 d - 2 potions of might
 e - a potion of ambrosia {unknown}
 f - 3 potions of berserk rage
 g - 3 potions of attraction
 m - a potion of brilliance
 n - 2 potions of heal wounds
 o - 4 potions of lignification
 p - 2 potions of degeneration
 s - a potion of haste
 z - 2 potions of mutation {unknown}


   Skills:
 + Level 6.2 Fighting
 * Level 7.1 Maces & Flails
 + Level 6.2 Armour
 + Level 6.1 Shields


You had 7 spell levels left.
You didn't know any spells.
Your spell library contained the following spells:

 Spells                   Type           Power      Damage    Failure   Level
 Shock                    Conj/Air       0%         1d3       100%        1
 Gell's Gravitas          Tloc           0%         N/A       100%        3
 Lesser Beckoning         Tloc           0%         N/A       100%        3
 Swiftness                Air            0%         N/A       100%        3
 Teleport Other           Tloc           0%         N/A       100%        3
 Tukima's Dance           Hex            0%         N/A       100%        3
 Airstrike                Air            0%         2d(0-16)  100%        4
 Passage of Golubria      Tloc           0%         N/A       100%        4
 Petrify                  Tmut/Erth      0%         N/A       100%        4
 Irradiate                Conj/Tmut      0%         3d11      100%        5
 Yara's Violent Unravell  Hex/Tmut       0%         3d3       100%        5
 Sublimation of Blood     Necr           Unusable   N/A       N/A         2

Dungeon Overview and Level Annotations

Branches:
Dungeon (6/15)
 Temple: D:4-7

Altars:
Ashenzari
Dithmenos
Elyvilon
Okawaru
Sif Muna
Trog
Uskayaw
Wu Jian
Xom


Innate Abilities, Weirdness & Mutations

You are immune to sickness and miasma.
Your stone body is resilient. (AC +5)
You are immune to poison.
You resist negative energy. (rN+)
You are resistant to electric shocks. (rElec)
You are resistant to unholy torment.
You are immune to petrification.


Message History

The adder is heavily wounded.
The adder bites you but does no damage.
You hit the adder.
The adder is poisoned.
The adder is almost dead.
The adder bites you.
You closely miss the adder.
The adder is almost dead.
The adder bites you but does no damage. x2
You hit the adder.
You kill the adder!
No target in view!
You now have 401 gold pieces (gained 15).
You now have 413 gold pieces (gained 12).
z - 2 sedimented purple potions A shadow comes into view.
A shadow is nearby!
An ogre comes into view. It is wielding a +0 giant spiked club.
The ogre shouts!
The shadow hits you.
You hit the shadow.
The shadow is lightly damaged.
The shadow hits you.
You hit the shadow but do no damage.
The shadow is lightly damaged.
The shadow hits you.
You closely miss the shadow.
The shadow is lightly damaged.
The shadow hits you.
You hit the shadow but do no damage.
The shadow is lightly damaged.
The ogre hits you with a +0 giant spiked club!!
The shadow hits you!
You barely miss the shadow.
The shadow is lightly damaged.
The shadow hits you. The shadow attacks as you move away! The shadow hits you.
* * * LOW HITPOINT WARNING * * *
The ogre attacks as you move away!
The ogre hits you with a +0 giant spiked club!!
You die...

#...............
#......................
##.....................
#......................
#....$.................
#......................
#.....O................
#....W@................
##.....................
##......##.....#.....#
#####.####..####.....
#.###...###..####
#.##...###..#####
........##.##....
...........##.###
......†###...#


You could see an ogre and a shadow.

Vanquished Creatures
  Sigmund (D:6)
  2 ice beasts
  3 ogres
  A phantom (D:6)
  2 kobold brigands (D:5)
  4 scorpions
  2 hounds
  A jelly (D:6)
  A gnoll bouda (D:6)
  3 iguanas
  2 orc wizards
  9 adders
  5 gnolls (D:6)
  2 worms
  2 dart slugs (D:1)
  15 orcs
  8 endoplasms
  4 giant cockroaches (D:2)
  6 goblins
  8 hobgoblins
  5 jackals
  14 kobolds
  12 ball pythons
  5 bats
  5 frilled lizards
  A rat (D:2)
123 creatures vanquished.

Vanquished Creatures (others)
  A plant (D:1)
1 creature vanquished.

Grand Total: 124 creatures vanquished

Notes
Turn   | Place    | Note
-------+----------+-------------------------------------------
     0 | D:1      | wormed the Gargoyle Fighter began the quest for the Orb.
     0 | D:1      | Reached XP level 1. HP: 14/14 MP: 1/1
   240 | D:1      | Reached XP level 2. HP: 8/19 MP: 2/2
   726 | D:1      | Found a faded altar of an unknown god.
   799 | D:1      | Reached XP level 3. HP: 22/23 MP: 3/3
  1555 | D:2      | Reached skill level 3 in Maces & Flails
  1561 | D:2      | Reached XP level 4. HP: 29/29 MP: 4/4
  1590 | D:2      | Found a white marble altar of Elyvilon.
  1647 | D:2      | Became a worshipper of Elyvilon the Healer
  2083 | D:3      | Found an ornate altar of the Wu Jian Council.
  2197 | D:3      | Reached * piety under Elyvilon
  2250 | D:3      | Reached XP level 5. HP: 24/33 MP: 5/5
  2680 | D:3      | Found a hide-covered altar of Uskayaw.
  2683 | D:3      | Found a bloodstained altar of Trog.
  2684 | D:3      | Found an iron altar of Okawaru.
  2684 | D:3      | Found a shimmering blue altar of Sif Muna.
  2687 | D:3      | Found a broken altar of Ashenzari.
  2893 | D:4      | Noticed an ogre
  2904 | D:4      | Killed an ogre
  2905 | D:4      | Reached skill level 4 in Maces & Flails
  3141 | D:4      | Reached ** piety under Elyvilon
  3258 | D:4      | Reached XP level 6. HP: 28/39 MP: 6/6
  3422 | D:4      | Found a shimmering altar of Xom.
  3585 | D:4      | Found a shadowy altar of Dithmenos.
  3930 | D:4      | Reached XP level 7. HP: 22/44 MP: 7/7
  4469 | D:5      | Entered Level 5 of the Dungeon
  4479 | D:5      | Reached skill level 5 in Maces & Flails
  4488 | D:5      | Reached skill level 5 in Fighting
  4488 | D:5      | Reached skill level 5 in Armour
  4488 | D:5      | Reached skill level 5 in Shields
  4663 | D:5      | Reached *** piety under Elyvilon
  4709 | D:5      | Elyvilon protects you from harm!
  5084 | D:5      | Identified the +2 pair of boots of Whack-A-Mole {Will+}
  5111 | D:5      | Reached XP level 8. HP: 18/49 MP: 8/8
  5422 | D:5      | Reached skill level 6 in Maces & Flails
  6000 | D:6      | Noticed Sigmund
  6080 | D:6      | Killed Sigmund
  6180 | D:6      | Reached skill level 7 in Maces & Flails
  6604 | D:6      | Reached **** piety under Elyvilon
  6625 | D:6      | Noticed a shadow
  6634 | D:6      | Mangled by an ogre

Illustrated notes

Levels and vault maps discovered:
D:1:      matt_arrival_debris, layout_basic,
          shapermc_ecumenical_altar_mp_urbaneastern, st_stairs_14
D:2:      layout_loops_ring, basic_altar
D:3:      layout_rooms, amcnicky_altar_gilded, minitemple, st_stairs_9,
          kennysheep_boxes
D:4:      layout_basic, kennysheep_mini, mainiacjoe_overflow_cross_hatched
D:5:      cheibrodos_thug_alley, layout_cave_pools, dreamdust_princess_corridor,
          grunt_ministairs_6
D:6:      layout_rooms, minmay_temple_entry_water_ring, uniq_sigmund

Skill      XL: |  1  2  3  4  5  6  7  8 |
---------------+-------------------------+-----
Maces & Flails | 3 4 5 7 |  7.1
Shields        | 4 5 6 |  6.1
Armour         | 4 5 6 |  6.2
Fighting       | 4 5 6 |  6.2

Action                   |  1- 3 |  4- 6 |  7- 9 || total
-------------------------+-------+-------+-------++-------
Melee: Flail             |    75 |       |       ||    75
       Whip              |    32 |   213 |   264 ||   509
  Use: Scroll            |       |     7 |     4 ||    11
       Potion            |       |       |     3 ||     3
Armor: Scale mail        |    41 |       |       ||    41
       Chain mail        |    25 |   120 |   196 ||   341
Dodge: Dodged            |    53 |    63 |    75 ||   191
Block: Buckler           |    22 |    47 |    46 ||   115
       Kite shield       |       |       |     9 ||     9
